 Dungeon Crawl Stone Soup version 0.28-a0-724-g66f9036eb4 (webtiles) character file.

Game seed: 9836171805380265875

44 KoroneIsBestGirl the Skirmisher (level 3, -3/33 HPs)
             Began as a Minotaur Fighter on Oct 26, 2021.
             Was a Plaything of Xom.
             Slain by Sigmund (10 damage)
             ... on level 2 of the Dungeon.
             The game lasted 00:01:03 (1327 turns).

KoroneIsBestGirl the Skirmisher (Minotaur Fighter)  Turns: 1327, Time: 00:01:04

Health: -3/33      AC:  9    Str: 21    XL:     3   Next: 41%
Magic:  0/2        EV:  9    Int:  5    God:    Xom [...*..]
Gold:   53         SH:  4    Dex:  9    Spells: 2/2 levels left

rFire   . . .      SeeInvis .   a - +0 trident
rCold   . . .      Faith    .   c - +0 buckler
rNeg    + . .      Spirit   .   b - +0 scale mail
rPois   .          Reflect  .   (helmet unavailable)
rElec   .          Harm     .   (no cloak)
rCorr   .          Rampage  .   (no gloves)
Will    +....                   (no boots)
Stlth   ..........              (no amulet)
HPRegen 0.11/turn               i - ring of positive energy
MPRegen 0.08/turn               (no ring)

@: mighty, lethally poisoned (-3 -> -9)
A: horns 3, retaliatory headbutt, iridescent scales 1, strong-willed 1
a: Renounce Religion


You were on level 2 of the Dungeon.
You worshipped Xom.
You were a favourite toy of Xom.
You visited 1 branch of the dungeon, and saw 2 of its levels.

You collected 53 gold pieces.

Inventory:

Hand Weapons
 a - a +0 trident (weapon)
Armour
 b - a +0 scale mail (worn)
 c - a +0 buckler (worn)
Jewellery
 i - a ring of positive energy (left hand)
Scrolls
 e - 2 scrolls of identify {unknown}
 f - 2 scrolls of amnesia {unknown}
 g - a scroll of fog {unknown}
Potions
 h - a potion of degeneration {unknown}


   Skills:
 + Level 4.2 Fighting
 + Level 3.1 Polearms
 + Level 4.1 Armour
 + Level 4.1 Shields


You had 2 spell levels left.
You didn't know any spells.
Your spell library was empty.

Dungeon Overview and Level Annotations

Branches:
Dungeon (2/15)

Altars:
Xom

Annotations:
D:2 Sigmund


Innate Abilities, Weirdness & Mutations

You have a pair of large horns on your head.
You reflexively headbutt those who attack you in melee.
You are partially covered in iridescent scales. (AC +2)
You are strong-willed. (Will+)


Message History

You are too injured to fight recklessly!
You are too injured to fight recklessly!
You are too injured to fight recklessly!
You are too injured to fight recklessly!
You are too injured to fight recklessly!
You are too injured to fight recklessly!
You are too injured to fight recklessly!
You are too injured to fight recklessly!
You are too injured to fight recklessly!
You are too injured to fight recklessly!
You are too injured to fight recklessly!
You are too injured to fight recklessly!
You are too injured to fight recklessly!
You are too injured to fight recklessly!
You are too injured to fight recklessly!
You feel very mighty all of a sudden.
You feel sick.
Sigmund hits you from afar with a +2 scythe of chaos.
You are more poisoned.
You puncture the worm!
You kill the worm!
You feel very sick. Sigmund barely misses you.
Reach: a) +0 trident
Press: ? - help, Dir - move target, f/p - Sigmund
Aim: Sigmund, wielding a +2 scythe of chaos and wearing a +0 robe (moderately wounded, about 48% to evade your +0 trident)
You reach to attack!
You closely miss Sigmund.
Sigmund is moderately wounded.
* * * LOW HITPOINT WARNING * * *
You feel very sick.
Xom opens a gate.
Reach: a) +0 trident
Press: ? - help, Dir - move target, f/p - Sigmund
Aim: Sigmund, wielding a +2 scythe of chaos and wearing a +0 robe (moderately wounded, ally target, about 48% to evade your +0 trident)
You could not reach far enough!
* * * LOW HITPOINT WARNING * * *
You feel sick.
Your ufetubus misses Sigmund. Your ufetubus hits Sigmund.
Sigmund hits you from afar with a +2 scythe of chaos!
You die...
Xom howls with laughter!

#.###.## #......
... ...... ..
..... .. #... .
#@. #.#5##
########
#.#@.###......#
#.............#
#.............#
#....##.##.......#
#..!#.
#....#.†####
...##.
#†.####†.### ##. #
#..## ##..†# #
.[..# ###<#
#...#.# #.#


You could see Sigmund (ally target) and a friendly ufetubus (summoned).

Vanquished Creatures
  A worm (D:2)
  3 dart slugs (D:1)
  6 endoplasms (D:1)
  2 giant cockroaches (D:2)
  2 goblins (D:1)
  A hobgoblin (D:1)
  8 jackals
  2 ball pythons (D:1)
  3 bats
  4 frilled lizards
32 creatures vanquished.

Notes
Turn   | Place    | Note
-------+----------+-------------------------------------------
     0 | D:1      | KoroneIsBestGirl the Minotaur Fighter began the quest for
                  | the Orb.
     0 | D:1      | Reached XP level 1. HP: 19/19 MP: 0/0
   245 | D:1      | Reached XP level 2. HP: 27/27 MP: 1/1
   386 | D:1      | Found a faded altar of an unknown god.
   516 | D:1      | Prayed at the altar of an unknown god.
   516 | D:1      | Became a worshipper of Xom of Chaos
   672 | D:1      | XOM: silly message
   868 | D:1      | XOM: cloud trail
   906 | D:1      | Reached XP level 3. HP: 33/33 MP: 2/2
  1176 | D:1      | XOM: torment (20/33 hp)
  1301 | D:2      | XOM: give mutations
  1301 | D:2      | Gained mutation: You have a pair of large horns on your
                  | head. [Xom's grace]
  1301 | D:2      | Gained mutation: You are partially covered in iridescent
                  | scales. (AC +2) [Xom's grace]
  1301 | D:2      | Gained mutation: You are strong-willed. (Will+) [Xom's
                  | grace]
  1312 | D:2      | Noticed Sigmund
  1315 | D:2      | XOM: chaos upgrade
  1326 | D:2      | XOM: summons friendly ufetubus
  1327 | D:2      | Slain by Sigmund

Illustrated notes

Levels and vault maps discovered:
D:1:      eino_arrival_water_star, layout_basic,
          shapermc_ecumenical_altar_totnotflames, st_stairs_7,
          chequers_hall_statues_wall_a, glass_columns_a
D:2:      layout_rooms, basic_altar, uniq_sigmund, uniq_natasha, uniq_robin

Skill      XL: |  1  2 |
---------------+-------+-----
Armour         | 4 |  4.1
Shields        | 4 |  4.1
Fighting       | 4 |  4.2
Polearms       | 3 |  3.1

Action                   || total
-------------------------++-------
Melee: Trident           ||    82
       Headbutt          ||     9
  Use: Potion            ||     1
Armor: Scale mail        ||    34
Dodge: Dodged            ||    42
Block: Buckler           ||    14

Table legend: (Time is in decaauts)
 A = Elapsed time spent in this place.
 B = Non-inter-level travel time spent in this place.
 C = Inter-level travel time spent in this place.
 D = Time resting spent in this place.
 E = Time spent auto-exploring this place.
 F = Levels seen in this place.
 G = Mean time per level.
                   A        B        C        D        E       F      G
               +--------+--------+--------+--------+--------+-----+--------+
         Total |   1342 |   1201 |    141 |      0 |   1019 |   2 |  671.0 |
       Dungeon |   1342 |   1201 |    141 |      0 |   1019 |   2 |  671.0 |
               +--------+--------+--------+--------+--------+-----+--------+

Top non-repeatable levels by time:
     D:1: 1242 daAuts
     D:2: 99 daAuts
